 Dungeon Crawl Stone Soup version 0.18.1-50-g88ac8fd (webtiles) character file.

44 Chiseanne the Gusty (level 3, -6/26 HPs)
             Began as a Centaur Air Elementalist on Oct 4, 2016.
             Mangled by a worm (8 damage)
             ... on level 2 of the Dungeon.
             The game lasted 00:04:29 (1986 turns).

Chiseanne the Gusty (Centaur Air Elementalist)      Turns: 1986, Time: 00:04:30

Health: -6/26      AC:  4    Str: 10    XL:     3   Next: 39%
Magic:  1/6        EV:  9    Int: 15    God:
Gold:   104        SH:  0    Dex:  9    Spells: 3 memorised, 0 levels left

rFire  . . .     SeeInvis .     i - +0 short sword
rCold  . . .     Gourm    .     a - +0 robe
rNeg   . . .     Faith    .     (no shield)
rPois  .         Spirit   .     (no helmet)
rElec  .         Dismiss  .     (no cloak)
rCorr  .         Reflect  .     (no gloves)
SustAt .         Harm     .     (no barding)
MR     .....                    (no amulet)
Stlth  +.........               (no ring)
                                (no ring)

@: very slightly contaminated, repel missiles, very quick, not resistant to
hostile enchantments, very unstealthy
A: hooves 3, deformed body, speed 2, tough skin 3
a: no special abilities


You were on level 2 of the Dungeon.
You were very hungry.

You visited 1 branch of the dungeon, and saw 2 of its levels.

You collected 104 gold pieces.

Inventory:

Hand Weapons
 d - a +0 hand axe
 i - a +0 short sword (weapon)
Missiles
 g - 18 bolts
 h - 57 stones (quivered)
 k - 39 arrows
 p - 8 tomahawks
Armour
 a - a +0 robe (worn)
 q - a +3 ring mail
Jewellery
 o - an uncursed ring of wizardry {unknown}
Scrolls
 l - a scroll of remove curse
Potions
 e - a potion of magic {unknown}
 f - 3 potions of curing {unknown}
 j - a potion of experience {unknown}
 m - a potion of lignification {unknown}
 n - a potion of cure mutation {unknown}
Books
 b - a book of Air

   Spells                             Type                      Level
   a - Shock                          Conjuration/Air              1
   b - Swiftness                      Charms/Air                   2
   c - Repel Missiles                 Charms/Air                   2
   d - Static Discharge               Conjuration/Air              3
   e - Lightning Bolt                 Conjuration/Air              5
Comestibles
 c - a bread ration


   Skills:
 - Level 1.3 Dodging
 - Level 1.2 Stealth
 * Level 2.1 Spellcasting
 * Level 2.0 Conjurations
 * Level 3.1 Air Magic


You couldn't memorise any spells.
You knew the following spells:

 Your Spells              Type           Power        Failure   Level  Hunger
a - Shock                 Conj/Air       #...         10%         1    #......
b - Static Discharge      Conj/Air       #.......     24%         3    ###....
c - Repel Missiles        Chrm/Air       #.....       17%         2    ###....


Dungeon Overview and Level Annotations

Branches:
Dungeon (2/15)

Altars:


Innate Abilities, Weirdness & Mutations

You have hooves in place of feet.
Armour fits poorly on your strangely shaped body.
You cover ground very quickly.
You have extremely tough skin (AC +3).


Message History

You hit the worm. You kick the worm.
The worm is severely wounded.
You hit the worm but do no damage. You kick the worm.
The worm is severely wounded.
The worm bites you.
You barely miss the worm.
The worm is severely wounded.
You hit the worm. You kick the worm.
The worm is almost dead.
The worm bites you!
You barely miss the worm. Your kick misses the worm.
The worm is almost dead.
The worm bites you!
* * * LOW HITPOINT WARNING * * *
You hit the worm.
The worm is almost dead.
You barely miss the worm.
The worm is almost dead.
The worm bites you!
You die...

......# ##.#####.#...#
......# #...........#+#
......#####.............
........................
######..###............
#..#............#
#..####.........#
#...........w...#
#.#######.#@##..#
#.#..........#
#.#.#####.#..# #.#
#.#..# #.# #....# #.#
##...# #.# .>.# ### #.#
##..# ..# #.# ..#


You could see a worm.

Vanquished Creatures
  An adder (D:2)
  An ooze (D:1)
  A dart slug (D:1)
  3 giant cockroaches (D:1)
  2 goblins (D:1)
  5 hobgoblins
  5 kobolds (D:1)
  A ball python (D:1)
  3 bats
  5 rats (D:1)
27 creatures vanquished.

Notes
Turn   | Place    | Note
--------------------------------------------------------------
     0 | D:1      | Chiseanne the Centaur Air Elementalist began the quest for the Orb.
     0 | D:1      | Reached XP level 1. HP: 14/14 MP: 3/3
     4 | D:1      | Reached skill level 1 in Conjurations
   112 | D:1      | Reached XP level 2. HP: 20/20 MP: 1/4
   896 | D:1      | Reached skill level 3 in Air Magic
  1217 | D:1      | Reached XP level 3. HP: 18/26 MP: 1/6
  1642 | D:2      | Chiseanne: !ln chiseanne
  1686 | D:2      | Learned a level 3 spell: Static Discharge
  1689 | D:2      | Learned a level 2 spell: Repel Missiles
  1986 | D:2      | Mangled by a worm

Skill      XL: |  1  2  3 |
---------------+----------+-----
Conjurations   | 1 2 |  2.0
Spellcasting   | 2 |  2.1
Air Magic      | 3 |  3.1
Dodging        | |  1.3
Stealth        | |  1.2

Action                   || total
-------------------------++-------
Melee: Club              ||     2
       Kick              ||     4
       Short sword       ||    27
 Cast: Shock             ||    67
       Repel Missiles    ||     1
  Use: Scroll            ||     7
  Eat: Chunk             ||     3
Armor: Robe              ||    17
Dodge: Dodged            ||    16
